 Dungeon Crawl Stone Soup version 0.28.0-53-g5a82cb258f (webtiles) character file.

Game seed: 8019175997029518629

272 MisterFreud the Covert (level 6, 0/53 HPs)
             Began as a Gnoll Delver on July 26, 2022.
             Slain by an ogre
             ... wielding a +0 giant club
              (29 damage)
             ... on level 4 of the Dungeon.
             The game lasted 00:01:49 (1180 turns).

MisterFreud the Covert (Gnoll Delver)               Turns: 1180, Time: 00:01:50

Health: 0/53       AC:  4    Str: 11    XL:     6   Next: 23%
Magic:  8/8        EV: 13    Int: 17    God:
Gold:   5          SH:  0    Dex: 14    Spells: 8/8 levels left

rFire   . . .      SeeInvis .   a - +0 short sword
rCold   . . .      Faith    .   (no shield)
rNeg    . . .      Spirit   .   b - +0 leather armour
rPois   .          Reflect  .   (no helmet)
rElec   .          Harm     .   (no cloak)
rCorr   .          Rampage  .   (no gloves)
Will    .....                   h - +0 pair of boots "Wess" {Int+6}
Stlth   ++++......              (no amulet)
HPRegen 0.17/turn               (no ring)
MPRegen 0.11/turn               (no ring)

@: no status effects
A: fangs 1, strong nose, distributed training
a: no special abilities


You were on level 4 of the Dungeon.
You visited 1 branch of the dungeon, and saw 3 of its levels.

You collected 5 gold pieces.

Inventory:

Hand Weapons
 a - a +0 short sword (weapon)
Armour
 b - a +0 leather armour (worn)
 h - the +0 pair of boots "Wess" (worn) {Int+6}
   (You found it on level 5 of the Dungeon)

   Int:       It affects your intelligence (+6).
Wands
 g - a wand of digging (3)
Scrolls
 c - a scroll of fog
 d - a scroll of magic mapping
 e - 2 scrolls of fear
 j - a scroll of amnesia {unknown}
 k - a scroll of immolation {unknown}
 l - a scroll of holy word {unknown}
Potions
 f - a potion of haste
 i - a potion of heal wounds {unknown}


   Skills:
 + Level 6.8 Fighting
 + Level 4.9 Short Blades
 + Level 1.8 Long Blades
 + Level 1.8 Axes
 + Level 1.8 Maces & Flails
 + Level 1.8 Polearms
 + Level 1.8 Staves
 + Level 1.8 Slings
 + Level 1.8 Bows
 + Level 1.8 Crossbows
 + Level 1.8 Throwing
 + Level 1.8 Armour
 + Level 4.9 Dodging
 + Level 9.7 Stealth
 + Level 1.8 Shields
 + Level 1.8 Unarmed Combat
 + Level 1.8 Spellcasting
 + Level 1.4 Conjurations
 + Level 1.4 Hexes
 + Level 1.4 Summonings
 + Level 1.4 Necromancy
 + Level 1.4 Translocations
 + Level 1.4 Transmutations
 + Level 1.4 Fire Magic
 + Level 1.4 Ice Magic
 + Level 1.4 Air Magic
 + Level 1.4 Earth Magic
 + Level 1.4 Poison Magic
 + Level 2.0 Invocations
 + Level 1.8 Evocations


You had 8 spell levels left.
You didn't know any spells.
Your spell library was empty.

Dungeon Overview and Level Annotations

Branches:
Dungeon (6/15)
 Temple: D:4-7

Altars:


Innate Abilities, Weirdness & Mutations

You have very sharp teeth.
Your uncanny sense of smell can sniff out nearby items.
Your experience applies equally to all skills.


Message History

The ogre hits you with a +0 giant club!!
You hit the ogre. Your bite misses the ogre.
The ogre is lightly wounded.
You barely miss the ogre.
The ogre is lightly wounded.
The ogre closely misses you.
You hit the ogre but do no damage. You bite the ogre, but do no damage.
The ogre is lightly wounded.
The ogre closely misses you.
You hit the ogre.
The ogre is lightly wounded.
The goblin shoots a stone.
The stone hits you but does no damage.
You hit the ogre. Your bite misses the ogre.
The ogre is moderately wounded.
The ogre barely misses you.
The goblin shoots a stone.
The stone barely misses you.
You barely miss the ogre.
The ogre is moderately wounded.
The ogre misses you.
The goblin shoots a stone.
The stone barely misses you.
You hit the ogre. You bite the ogre.
The ogre is heavily wounded.
The goblin shoots a stone.
The stone hits you.
You hit the ogre.
The ogre is heavily wounded.
The ogre closely misses you.
You barely miss the ogre.
The ogre is heavily wounded.
The ogre barely misses you.
You barely miss the ogre. You bite the ogre, but do no damage.
The ogre is heavily wounded.
The goblin unwields a +0 hunting sling.
The goblin wields a +0 club.
The goblin hits you but does no damage.
You hit the ogre.
The ogre is severely wounded.
The ogre closely misses you. The goblin closely misses you.
You hit the ogre but do no damage.
The ogre is severely wounded.
The ogre hits you with a +0 giant club!!
Ouch! That really hurt!
You die...

#.#.###############
#..................
#......############
###..###...........#.
#....................
##.###############.#.
#.#...#......#......
#.#g#.#......#.#....
#.#@#........>.#....
#.#O#..........#....
#.#.#..........#....
#.#...O........#....
#.###.....g....#.##.
#.# #..........#....
#.# #.######'#.#.##.
#.# #.# #.#.#.... #.#
#.# ##'#......


You could see an ogre and a goblin.

Vanquished Creatures
  A necrophage (D:4)
  A centaur zombie (D:5)
  A bullfrog zombie (D:5)
  A jelly (D:4)
  2 iguanas (D:4)
  A hound skeleton (D:4)
  2 adders (D:4)
  3 orcs
  2 goblins (D:4)
  2 hobgoblins (D:4)
  A kobold (D:4)
17 creatures vanquished.

Notes
Turn   | Place    | Note
-------+----------+-------------------------------------------
     0 | D:5      | Reached skill level 9 in Stealth
     0 | D:5      | MisterFreud the Gnoll Delver began the quest for the Orb.
     0 | D:5      | Reached XP level 1. HP: 23/23 MP: 1/1
     1 | D:6      | Noticed an orc wizard
     1 | D:6      | Noticed an orc wizard
    17 | D:5      | Noticed an ogre
   233 | D:4      | Noticed a necrophage
   257 | D:5      | Reached XP level 2. HP: 29/29 MP: 1/3
   257 | D:5      | Reached XP level 3. HP: 35/35 MP: 1/4
   260 | D:5      | Reached skill level 1 in Long Blades
   260 | D:5      | Reached skill level 1 in Axes
   260 | D:5      | Reached skill level 1 in Maces & Flails
   260 | D:5      | Reached skill level 1 in Polearms
   260 | D:5      | Reached skill level 1 in Staves
   260 | D:5      | Reached skill level 1 in Slings
   260 | D:5      | Reached skill level 1 in Bows
   260 | D:5      | Reached skill level 1 in Crossbows
   260 | D:5      | Reached skill level 1 in Throwing
   260 | D:5      | Reached skill level 1 in Armour
   260 | D:5      | Reached skill level 1 in Shields
   260 | D:5      | Reached skill level 1 in Unarmed Combat
   260 | D:5      | Reached skill level 1 in Spellcasting
   260 | D:5      | Reached skill level 1 in Invocations
   260 | D:5      | Reached skill level 1 in Evocations
   260 | D:5      | Reached XP level 4. HP: 41/41 MP: 1/5
   269 | D:5      | Identified the +0 pair of boots "Wess" {Int+6}
   697 | D:4      | Reached skill level 1 in Conjurations
   697 | D:4      | Reached skill level 1 in Hexes
   697 | D:4      | Reached skill level 1 in Summonings
   697 | D:4      | Reached skill level 1 in Necromancy
   697 | D:4      | Reached skill level 1 in Translocations
   697 | D:4      | Reached skill level 1 in Transmutations
   697 | D:4      | Reached skill level 1 in Fire Magic
   697 | D:4      | Reached skill level 1 in Ice Magic
   697 | D:4      | Reached skill level 1 in Air Magic
   697 | D:4      | Reached skill level 1 in Earth Magic
   697 | D:4      | Reached skill level 1 in Poison Magic
   854 | D:4      | Killed a necrophage
   855 | D:4      | Reached XP level 5. HP: 39/47 MP: 5/7
   964 | D:4      | Reached XP level 6. HP: 53/53 MP: 8/8
  1180 | D:4      | Slain by an ogre

Illustrated notes

Levels and vault maps discovered:
D:4:      cheibrodos_greedy_goblins, layout_basic,
          nicolae_qazlal_general_emergency, uniq_natasha
D:5:      layout_cave_pools, nicolae_concentric_dashed_squares_wild,
          guppyfry_shop_venom, uniq_prince_ribbit1
D:6:      layout_basic, minitemple, serial_shops,
          nicolae_shop_bloodbath_and_beyond, cheibrodos_sewer_entry_sluice

Skill      XL: |  1  2  3  4  5 |
---------------+----------------+-----
Stealth        | |  9.7
Long Blades    | 1 |  1.8
Axes           | 1 |  1.8
Maces & Flails | 1 |  1.8
Polearms       | 1 |  1.8
Staves         | 1 |  1.8
Slings         | 1 |  1.8
Bows           | 1 |  1.8
Crossbows      | 1 |  1.8
Throwing       | 1 |  1.8
Armour         | 1 |  1.8
Shields        | 1 |  1.8
Unarmed Combat | 1 |  1.8
Spellcasting   | 1 |  1.8
Invocations    | 1 2 |  2.0
Evocations     | 1 |  1.8
Conjurations   | 1 |  1.4
Hexes          | 1 |  1.4
Summonings     | 1 |  1.4
Necromancy     | 1 |  1.4
Translocations | 1 |  1.4
Transmutations | 1 |  1.4
Fire Magic     | 1 |  1.4
Ice Magic      | 1 |  1.4
Air Magic      | 1 |  1.4
Earth Magic    | 1 |  1.4
Poison Magic   | 1 |  1.4
Fighting       | |  6.8
Short Blades   | |  4.9
Dodging        | |  4.9

Action                   |  1- 3 |  4- 6 || total
-------------------------+-------+-------++-------
Melee: Short sword       |    10 |    90 ||   100
       Bite              |       |    11 ||    11
       Punch             |       |     2 ||     2
 Stab: Sleeping          |     4 |     5 ||     9
Armor: Leather armour    |     1 |    16 ||    17
Dodge: Dodged            |     3 |    54 ||    57
